ESL (28 & UNDER)
SPRINGFIELD SIMPSONS @ NEWARK BULLDOGS
08/23/2027
 
TOP OF THE 1ST
Springfield Simpsons batting - Pitching for Newark Bulldogs : RHP Darrell Stanley
Pitching: RHP Darrell Stanley
Batting: LHB Jesús Raugel 0-0: Swinging Strike
0-1: SINGLE (Flyball, 89S)
Batting: LHB Bruce Foster 0-0: Ball
1-0: Foul Ball, location: 2F
1-1: Foul Ball, location: 2F
1-2: Strikes out swinging
Batting: RHB Marcos Castillo 0-0: Ball
Jesús Raugel steals 2nd base
1-0: Reached on error, E7 (Flyball, 7)
Jesús Raugel to third
Batting: LHB Mitchell Oglethorpe 0-0: Ball
1-0: Ball
2-0: Ball
3-0: Called Strike
3-1: Foul Ball, location: 2F
3-2: Foul Ball, location: 2F
3-2: Strikes out looking
Batting: RHB José Velázquez 0-0: Foul Ball, location: 2F
0-1: Ball
1-1: Called Strike
1-2: Foul Ball, location: 2F
1-2: SINGLE (Flyball, 89S)
Jesús Raugel scores
Marcos Castillo to second
Runner from 2nd tries for 3rd, SAFE, throw made to third
Batting: RHB Bob Carr 0-0: Called Strike
0-1: Called Strike
0-2: Hit by Pitch
José Velázquez to second
Batting: RHB Esteban Salas 0-0: Ball
1-0: Ball
2-0: Called Strike
2-1: Ball
3-1: Base on Balls
Marcos Castillo scores
José Velázquez to third
Bob Carr to second
Batting: RHB Taylor Justice 0-0: Called Strike
0-1: Called Strike
0-2: Foul Ball, location: 2F
0-2: Ball
1-2: Foul Ball, location: 2F
1-2: Strikes out swinging
Top of the 1st over - 2 run(s), 2 hit(s), 1 error(s), 3 left on base; Springfield 2 - Newark 0
BOTTOM OF THE 1ST
Newark Bulldogs batting - Pitching for Springfield Simpsons : RHP Alberto Parra
Pitching: RHP Alberto Parra
Batting: LHB Gerardo Guzmán 0-0: Called Strike
0-1: Ground out 6-3 (Groundball, 6)
Batting: RHB Peter Sexton 0-0: Ball
1-0: Called Strike
1-1: Ball
2-1: Ground out 4-3 (Groundball, 4)
Batting: RHB Ken McDonald 0-0: Foul Ball, location: 2F
0-1: Ball
1-1: Ball
2-1: Foul Ball, location: 2F
2-2: Strikes out swinging
Bottom of the 1st over - 0 run(s), 0 hit(s), 0 error(s), 0 left on base; Springfield 2 - Newark 0
TOP OF THE 2ND
Springfield Simpsons batting - Pitching for Newark Bulldogs : RHP Darrell Stanley
Batting: SHB Sean Moody 0-0: Foul Ball, location: 2F
0-1: Foul Ball, location: 2F
0-2: Strikes out swinging, 2-3 out at first.
Batting: LHB Jesús Raugel 0-0: Called Strike
0-1: Ball
1-1: Reached on error, E3 (Groundball, 3)
Batting: LHB Bruce Foster 0-0: Ball
Jesús Raugel steals 2nd base
1-0: Ground out 3-1 (Groundball, 23)
Jesús Raugel to third
Batting: RHB Marcos Castillo 0-0: Called Strike
0-1: Ball
1-1: Ball
2-1: Ball
3-1: Base on Balls
Batting: LHB Mitchell Oglethorpe 0-0: Foul Ball, location: 2F
0-1: Ball
1-1: Ball
2-1: Foul Ball, location: 2F
2-2: Ball
3-2: SINGLE (Groundball, 34D)
Jesús Raugel scores
Marcos Castillo to second
Marcos Castillo to third
Batting: RHB José Velázquez 0-0: Called Strike
0-1: Called Strike
0-2: Ball
1-2: Strikes out looking
Top of the 2nd over - 1 run(s), 1 hit(s), 1 error(s), 2 left on base; Springfield 3 - Newark 0
BOTTOM OF THE 2ND
Newark Bulldogs batting - Pitching for Springfield Simpsons : RHP Alberto Parra
Batting: LHB Frank Jackson 0-0: Called Strike
0-1: DOUBLE (Line Drive, 89XD)
Batting: RHB Emílio Salas 0-0: SINGLE (Groundball, 6D)
Frank Jackson to third
Batting: LHB Wes Stone 0-0: Foul Ball, location: 2F
0-1: Ball
1-1: Called Strike
1-2: Ball
2-2: Foul Ball, location: 2F
2-2: Foul Ball, location: 2F
2-2: Ball
3-2: 3-RUN HOME RUN (Flyball, 8RXD), Distance : 423 ft
Batting: RHB Joe Baker 0-0: Ball
1-0: Ball
2-0: Called Strike
2-1: Fly out, F5 (Line Drive, 56)
Batting: LHB Gabriel MacNeill 0-0: Fly out, F9 (Flyball, 9)
Batting: LHB Ángel Tuzzi 0-0: Ball
1-0: Fly out, F7 (Flyball, 7LS)
Bottom of the 2nd over - 3 run(s), 3 hit(s), 0 error(s), 0 left on base; Springfield 3 - Newark 3
TOP OF THE 3RD
Springfield Simpsons batting - Pitching for Newark Bulldogs : RHP Darrell Stanley
Batting: RHB Bob Carr 0-0: SINGLE (Line Drive, 78S)
Batting: RHB Esteban Salas 0-0: Ball
1-0: Ball
2-0: Ball
Bob Carr steals 2nd base
3-0: Called Strike
3-1: Called Strike
3-2: Foul Ball, location: 2F
3-2: SINGLE (Groundball, 6MD)
Bob Carr to third
Runner from 3rd tries for Home, SAFE, no throw
Batting: RHB Taylor Justice 0-0: Foul Ball, location: 2F
0-1: Foul Ball, location: 2F
0-2: Ball
1-2: Ball
2-2: Foul Ball, location: 2F
2-2: Fly out, F8 (Flyball, 8RM)
Batting: SHB Sean Moody 0-0: Called Strike
0-1: Ball
1-1: Ball
2-1: Foul Ball, location: 2F
2-2: Strikes out swinging
Batting: LHB Jesús Raugel 0-0: Foul Ball, location: 2F
0-1: Swinging Strike
0-2: Strikes out looking
Top of the 3rd over - 1 run(s), 2 hit(s), 0 error(s), 1 left on base; Springfield 4 - Newark 3
BOTTOM OF THE 3RD
Newark Bulldogs batting - Pitching for Springfield Simpsons : RHP Alberto Parra
Batting: LHB Gerardo Guzmán 0-0: Ball
1-0: Foul Ball, location: 2F
1-1: Foul Ball, location: 2F
1-2: Foul Ball, location: 2F
1-2: Fly out, F5 (Line Drive, 56)
Batting: RHB Peter Sexton 0-0: Ball
1-0: Foul Ball, location: 2F
1-1: Ball
2-1: Foul Ball, location: 2F
2-2: Ball
3-2: SINGLE (Groundball, 34D)
Batting: RHB Ken McDonald 0-0: Ball
Peter Sexton steals 2nd base
1-0: Foul Ball, location: 2F
1-1: Called Strike
1-2: Ball
2-2: Foul Ball, location: 2F
2-2: Foul Ball, location: 2F
2-2: Ball
3-2: Fly out, F7 (Line Drive, 7LM)
Batting: LHB Frank Jackson 0-0: Foul Ball, location: 2F
0-1: Ball
1-1: Ball
2-1: Fly out, F7 (Flyball, 78S)
Bottom of the 3rd over - 0 run(s), 1 hit(s), 0 error(s), 1 left on base; Springfield 4 - Newark 3
TOP OF THE 4TH
Springfield Simpsons batting - Pitching for Newark Bulldogs : RHP Darrell Stanley
Batting: LHB Bruce Foster 0-0: Called Strike
0-1: Ball
1-1: Ball
2-1: Foul Ball, location: 2F
2-2: Ball
3-2: Base on Balls
Pitching: RHP Jesús Salazar
Batting: RHB Marcos Castillo 0-0: Called Strike
0-1: Ball
1-1: Ball
2-1: Swinging Strike
2-2: Ball
3-2: Foul Ball, location: 2F
3-2: TRIPLE (Flyball, 9LM)
Bruce Foster scores
Batting: LHB Mitchell Oglethorpe 0-0: Ball
1-0: Ball
2-0: Ball
3-0: Base on Balls
Batting: RHB José Velázquez 0-0: 3-RUN HOME RUN (Flyball, 7D), Distance : 366 ft
Pitching: LHP José Alaniz
Batting: RHB Bob Carr 0-0: Foul Ball, location: 2F
0-1: Ball
1-1: SINGLE (Groundball, 6D)
Batting: RHB Esteban Salas 0-0: Ball
1-0: Ball
2-0: Ball
3-0: Called Strike
3-1: DOUBLE (Line Drive, 7)
Bob Carr to third
Runner from 3rd tries for Home, SAFE, no throw
Batting: RHB Taylor Justice 0-0: Ball
1-0: Ball
2-0: Called Strike
2-1: Ball
3-1: SINGLE (Groundball, 4MD)
Esteban Salas to third
Batting: SHB Sean Moody 0-0: Grounds into double play, 6-4-3 (Groundball, 6D)
Esteban Salas scores
Batting: LHB Jesús Raugel 0-0: Called Strike
0-1: Ball
1-1: Called Strike
1-2: Strikes out looking
Top of the 4th over - 6 run(s), 5 hit(s), 0 error(s), 0 left on base; Springfield 10 - Newark 3
BOTTOM OF THE 4TH
Newark Bulldogs batting - Pitching for Springfield Simpsons : RHP Alberto Parra
Batting: RHB Emílio Salas 0-0: Called Strike
0-1: Foul Ball, location: 2F
0-2: Fly out, F7 (Flyball, 7S)
Batting: LHB Wes Stone 0-0: Foul Ball, location: 2F
0-1: Foul Ball, location: 2F
0-2: Strikes out swinging
Batting: RHB Joe Baker 0-0: Ball
1-0: Foul Ball, location: 2F
1-1: Ball
2-1: Called Strike
2-2: Ball
3-2: Foul Ball, location: 2F
3-2: Strikes out swinging
Bottom of the 4th over - 0 run(s), 0 hit(s), 0 error(s), 0 left on base; Springfield 10 - Newark 3
TOP OF THE 5TH
Springfield Simpsons batting - Pitching for Newark Bulldogs : LHP José Alaniz
Batting: LHB Bruce Foster 0-0: Fly out, F8 (Flyball, 8RS)
Batting: RHB Marcos Castillo 0-0: Ball
1-0: Foul Ball, location: 2F
1-1: Ball
2-1: Foul Ball, location: 2F
2-2: Ground out 4-3 (Groundball, 4)
Batting: LHB Mitchell Oglethorpe 0-0: Ball
1-0: Called Strike
1-1: Ball
2-1: Ball
3-1: Ground out U3 (Groundball, 3)
Top of the 5th over - 0 run(s), 0 hit(s), 0 error(s), 0 left on base; Springfield 10 - Newark 3
BOTTOM OF THE 5TH
Newark Bulldogs batting - Pitching for Springfield Simpsons : RHP Alberto Parra
Batting: LHB Gabriel MacNeill 0-0: Ball
1-0: Called Strike
1-1: Ball
2-1: Foul Ball, location: 2F
2-2: Fly out, F7 (Flyball, 7LS)
Batting: LHB Ángel Tuzzi 0-0: Swinging Strike
0-1: Swinging Strike
0-2: Ball
1-2: Strikes out swinging
Batting: LHB Gerardo Guzmán 0-0: Ball
1-0: Foul Ball, location: 2F
1-1: Ball
2-1: Foul Ball, location: 2F
2-2: Fly out, F7 (Flyball, 78S)
Bottom of the 5th over - 0 run(s), 0 hit(s), 0 error(s), 0 left on base; Springfield 10 - Newark 3
TOP OF THE 6TH
Springfield Simpsons batting - Pitching for Newark Bulldogs : LHP José Alaniz
Batting: RHB José Velázquez 0-0: Foul Ball, location: 2F
0-1: Ball
1-1: Ground out 6-3 (Groundball, 56)
Batting: RHB Bob Carr 0-0: Ground out 5-3 (Groundball, 56)
Batting: RHB Esteban Salas 0-0: Ball
1-0: Ground out 6-3 (Groundball, 6)
Top of the 6th over - 0 run(s), 0 hit(s), 0 error(s), 0 left on base; Springfield 10 - Newark 3
BOTTOM OF THE 6TH
Newark Bulldogs batting - Pitching for Springfield Simpsons : RHP Alberto Parra
Batting: RHB Peter Sexton 0-0: Ball
1-0: Called Strike
1-1: Called Strike
1-2: Ball
2-2: Ball
3-2: Base on Balls
Batting: RHB Ken McDonald 0-0: Called Strike
0-1: Fly out, F3 (Popup, 3S)
Batting: LHB Frank Jackson 0-0: Foul Ball, location: 2F
0-1: Ball
1-1: Ball
2-1: SINGLE (Groundball, 34D)
Peter Sexton to second
Runner from 2nd tries for 3rd, SAFE, throw made to third
Frank Jackson to second
Batting: RHB Emílio Salas 0-0: Ball
1-0: Fly out, F7 (Flyball, 7S)
Batting: LHB Wes Stone 0-0: Ball
1-0: Fly out, F2 (Popup, 3S)
Bottom of the 6th over - 0 run(s), 1 hit(s), 0 error(s), 2 left on base; Springfield 10 - Newark 3
TOP OF THE 7TH
Springfield Simpsons batting - Pitching for Newark Bulldogs : LHP José Alaniz
Pitching: RHP Fernando Silva
Batting: RHB Taylor Justice 0-0: Ball
1-0: Swinging Strike
1-1: Ball
2-1: Fly out, F9 (Flyball, 9S)
Batting: SHB Sean Moody 0-0: Called Strike
0-1: Ball
1-1: Ball
2-1: Ball
3-1: Called Strike
3-2: Foul Ball, location: 2F
3-2: Base on Balls
Batting: LHB Jesús Raugel 0-0: Ball
1-0: Called Strike
1-1: Ball
2-1: Ball
3-1: Swinging Strike
3-2: Base on Balls
Sean Moody to second
Batting: LHB Bruce Foster 0-0: Ball
1-0: Foul Ball, location: 2F
1-1: Foul Ball, location: 2F
1-2: SINGLE (Groundball, 34D)
Sean Moody to third
Jesús Raugel to second
Batting: RHB Marcos Castillo 0-0: Swinging Strike
0-1: SINGLE (Line Drive, 9)
Sean Moody scores
Jesús Raugel to third
Bruce Foster to second
Runner from 3rd tries for Home, SAFE, no throw
Batting: LHB Mitchell Oglethorpe 0-0: Called Strike
0-1: Foul Ball, location: 2F
0-2: Strikes out swinging
Batting: RHB José Velázquez 0-0: Called Strike
0-1: Foul Ball, location: 2F
0-2: Fly out, F8 (Flyball, 8LM)
Top of the 7th over - 2 run(s), 2 hit(s), 0 error(s), 2 left on base; Springfield 12 - Newark 3
BOTTOM OF THE 7TH
Newark Bulldogs batting - Pitching for Springfield Simpsons : RHP Alberto Parra
Pitching: LHP Michael Miller
Batting: RHB Joe Baker 0-0: Called Strike
0-1: Ball
1-1: SINGLE (Line Drive, 89M)
Batting: LHB Gabriel MacNeill 0-0: Reached on error, E4 (Groundball, 34)
Joe Baker to second
Batting: LHB Ángel Tuzzi 0-0: Ball
1-0: Swinging Strike
1-1: Ball
2-1: Ball
3-1: Base on Balls
Joe Baker to third
Gabriel MacNeill to second
Batting: LHB Gerardo Guzmán 0-0: Foul Ball, location: 2F
Balk!
Joe Baker scores
Gabriel MacNeill to third
Ángel Tuzzi to second
0-1: Foul Ball, location: 2F
0-2: Ground out 4-3 (Groundball, 4)
Gabriel MacNeill scores
Ángel Tuzzi to third
Batting: RHB Peter Sexton 0-0: Foul Ball, location: 2F
0-1: Ball
1-1: Called Strike
1-2: SINGLE (Line Drive, 89S)
Ángel Tuzzi scores
Pitching: RHP Sixto Santiago
Batting: RHB Ken McDonald 0-0: Ball
Peter Sexton is caught stealing 2nd base
1-0: Foul Ball, location: 2F
1-1: Ball
2-1: Fly out, F9 (Flyball, 9LSF)
Bottom of the 7th over - 3 run(s), 2 hit(s), 1 error(s), 0 left on base; Springfield 12 - Newark 6
TOP OF THE 8TH
Springfield Simpsons batting - Pitching for Newark Bulldogs : RHP Fernando Silva
Batting: RHB Bob Carr 0-0: Foul Ball, location: 2F
0-1: Ball
1-1: Ball
2-1: Swinging Strike
2-2: Fly out, F7 (Flyball, 7)
Batting: RHB Esteban Salas 0-0: Called Strike
0-1: Ball
1-1: Ball
2-1: Ball
3-1: Foul Ball, location: 2F
3-2: SOLO HOME RUN (Line Drive, 7LD), Distance : 336 ft
Pitching: RHP Chris Johns
Batting: RHB Taylor Justice 0-0: Foul Ball, location: 2F
0-1: Foul Ball, location: 2F
0-2: Fly out, F9 (Flyball, 9)
Batting: SHB Sean Moody 0-0: Ground out 6-3 (Groundball, 6)
Top of the 8th over - 1 run(s), 1 hit(s), 0 error(s), 0 left on base; Springfield 13 - Newark 6
BOTTOM OF THE 8TH
Newark Bulldogs batting - Pitching for Springfield Simpsons : RHP Sixto Santiago
Batting: LHB Frank Jackson 0-0: Ball
1-0: Ball
2-0: Ball
3-0: Base on Balls
Pitching: RHP David Nanod
Batting: RHB Emílio Salas 0-0: Called Strike
0-1: Swinging Strike
0-2: Ball
1-2: Ball
2-2: Strikes out looking
Batting: LHB Wes Stone 0-0: Called Strike
0-1: DOUBLE (Line Drive, 8LXD)
Frank Jackson to third
Runner from 3rd tries for Home, SAFE, no throw
Batting: RHB Joe Baker 0-0: Ball
1-0: Ball
2-0: Called Strike
2-1: Called Strike
2-2: Strikes out swinging
Batting: LHB Gabriel MacNeill 0-0: Ball
1-0: Swinging Strike
1-1: Ground out 6-3 (Groundball, 6)
Bottom of the 8th over - 1 run(s), 1 hit(s), 0 error(s), 1 left on base; Springfield 13 - Newark 7
TOP OF THE 9TH
Springfield Simpsons batting - Pitching for Newark Bulldogs : RHP Chris Johns
Batting: LHB Jesús Raugel 0-0: Called Strike
0-1: Called Strike
0-2: Strikes out swinging
Batting: LHB Bruce Foster 0-0: Ball
1-0: Ground out U3 (Groundball, 3)
Batting: RHB Marcos Castillo 0-0: Ball
1-0: Ball
2-0: Called Strike
2-1: Swinging Strike
2-2: Strikes out swinging
Top of the 9th over - 0 run(s), 0 hit(s), 0 error(s), 0 left on base; Springfield 13 - Newark 7
BOTTOM OF THE 9TH
Newark Bulldogs batting - Pitching for Springfield Simpsons : RHP David Nanod
Batting: LHB Ángel Tuzzi 0-0: Ball
1-0: Called Strike
1-1: Ball
2-1: Called Strike
2-2: Ball
3-2: Foul Ball, location: 2F
3-2: Strikes out looking
Batting: LHB Gerardo Guzmán 0-0: Ball
1-0: Foul Ball, location: 2F
1-1: Ball
2-1: Foul Ball, location: 2F
2-2: Ball
3-2: Base on Balls
Batting: RHB Peter Sexton 0-0: Ball
1-0: Foul Ball, location: 2F
1-1: Called Strike
1-2: Strikes out swinging
Batting: RHB Ken McDonald 0-0: Ball
1-0: Ball
2-0: Called Strike
2-1: Ball
3-1: Called Strike
3-2: Ground out 5-3 (Groundball, 56)
Bottom of the 9th over - 0 run(s), 0 hit(s), 0 error(s), 1 left on base; Springfield 13 - Newark 7
Thursday, March 30th, 2017 - OOTP Baseball 17.12 Build 75